 Dungeon Crawl Stone Soup version 0.30.0 (webtiles) character file.

Game seed: 2842542040023116979

29 Dani the Chopper (level 3, 24/29 HPs)
             Began as a Demonspawn Fighter on May 20, 2023.
             Quit the game on level 2 of the Dungeon.
             The game lasted 00:01:22 (804 turns).

Dani the Chopper (Demonspawn Fighter)                Turns: 804, Time: 00:01:22

Health: 24/29      AC:  9    Str: 16    XL:     3   Next: 1%
Magic:  3/3        EV:  8    Int: 11    God:
Gold:   76         SH:  4    Dex: 12    Spells: 2/2 levels left

rFire   . . .        a - +0 war axe
rCold   . . .        c - +0 buckler
rNeg    . . .        b - +1 scale mail
rPois   .            (helmet restricted)
rElec   .            (no cloak)
rCorr   .            (no gloves)
SInv    .            (no boots)
Will    .....        (no amulet) Stlth
                     (no ring)
HPRegen 0.24/turn    (no ring)
MPRegen 0.08/turn

%: no passive effects
@: no status effects
A: horns 1, yellow scales 1
a: no special abilities


You were on level 2 of the Dungeon.
You visited 1 branch of the dungeon, and saw 2 of its levels.

You collected 76 gold pieces.

Inventory:

Hand Weapons
 a - a +0 war axe (weapon)
Missiles
 h - 2 javelins (quivered)
Armour
 b - a +1 scale mail (worn)
 c - a +0 buckler (worn)
Potions
 d - 2 potions of might
 e - 2 potions of heal wounds {unknown}
 f - a potion of attraction {unknown}
 g - a potion of lignification {unknown}


   Skills:
 - Level 3.0 Fighting
 + Level 3.2 Axes
 - Level 2.6 Armour
 - Level 2.6 Shields


You had 2 spell levels left.
You didn't know any spells.
Your spell library was empty.

Dungeon Overview and Level Annotations

Branches:
Dungeon (2/15)

Altars:


Innate Abilities, Weirdness & Mutations

You have a pair of small horns on your head.
You are partially covered in yellow scales. (AC +2)


Message History

A goblin is nearby!
You slash the goblin!
You kill the goblin!
Key pressed, stopping explore.
No target in view!
Things that are here:
a +0 club; a goblin corpse Key pressed, stopping explore.
No target in view!
Key pressed, stopping explore.
No target in view!
Key pressed, stopping explore.
No target in view!
Things that are here:
a +0 club; a goblin corpse Key pressed, stopping explore.
Found 3 stones.
No target in view!
A jackal comes into view.
A jackal is nearby!
You hit the jackal.
You headbutt the jackal, but do no damage.
The jackal is heavily wounded.
The jackal bites you but does no damage.
The jackal bites you.
A jackal is nearby!
You hit the jackal but do no damage.
You headbutt the jackal, but do no damage.
The jackal is heavily wounded.
The jackal bites you. The jackal closely misses you.
A jackal is nearby!
You hit the jackal but do no damage.
The jackal is heavily wounded.
You block the jackal's attack.
A jackal is nearby!
You barely miss the jackal.
The jackal is heavily wounded.
The jackal barely misses you. x3
A jackal is nearby!
You closely miss the jackal.
The jackal is heavily wounded.
The jackal bites you.
A jackal is nearby!
You hit the jackal.
The jackal is severely wounded.
You block the jackal's attack. The jackal closely misses you.
A jackal is nearby!
You barely miss the jackal. You headbutt the jackal.
The jackal is almost dead.
The jackal bites you but does no damage. x2
You hit the jackal.
You kill the jackal!
No target in view!
A jackal comes into view.
The jackal barks!
You see here 3 stones.
The jackal bites you but does no damage. x2
A jackal is nearby!
You barely miss the jackal.
The jackal bites you but does no damage.
The jackal barely misses you.
A jackal is nearby!
A jackal is nearby!
A jackal is nearby!
You barely miss the jackal. The jackal bites you. The jackal barely misses you.
A jackal is nearby!
You slash the jackal!
You kill the jackal!
Key pressed, stopping explore.
No target in view!
No target in view!
You see here 3 stones.
Key pressed, stopping explore.
No target in view!
Key pressed, stopping explore.
You enter the shallow water.
Moving in this stuff is going to be slow.
Key pressed, stopping explore.
Key pressed, stopping explore.
There is a stone staircase leading down here.
Done exploring.
There is a stone staircase leading down here.
You climb downwards.
The jackal barks! x3
Found a hand axe, a brown potion, a trident and a white potion.
Found a stone staircase leading up.
There is a stone staircase leading up here.
You closely miss the jackal. The jackal bites you.
You slash the jackal!
You kill the jackal!
You barely miss the jackal. You hit the jackal but do no damage.
You closely miss the jackal. The jackal barely misses you.
You block the jackal's attack. The jackal bites you.
The jackal closely misses you. x2; The jackal bites you.
You have reached level 3!
Your experience leads to an increase in your attributes!
Increase (S)trength, (I)ntelligence, or (D)exterity?
You feel clever. x2; Your demonic ancestry asserts itself...
Yellow scales grow over part of your body.
Are you sure you want to abandon this character and quit the game? (Confirm with "yes".)

############
#........<.#
#.....).h..#
#......@h..#
#.......h..#
#..........#
#....!.....#
....!..)...#
#..........#
#..........#
####.#######


You could see 3 jackals.

Vanquished Creatures
  2 dart slugs (D:1)
  3 endoplasms (D:1)
  A giant cockroach (D:1)
  3 goblins (D:1)
  A hobgoblin (D:1)
  3 jackals
  2 kobolds (D:1)
  3 ball pythons (D:1)
  3 bats (D:1)
21 creatures vanquished.

Vanquished Creatures (others)
  8 plants (D:1)
8 creatures vanquished.

Grand Total: 29 creatures vanquished

Notes
Turn   | Place    | Note
-------+----------+-------------------------------------------
     0 | D:1      | Dani the Demonspawn Fighter began the quest for the Orb.
     0 | D:1      | Reached XP level 1. HP: 18/18 MP: 1/1
    24 | D:1      | Reached skill level 2 in Axes
   183 | D:1      | Gained mutation: You have a pair of small horns on your
                  | head. [demonic ancestry]
   183 | D:1      | Reached XP level 2. HP: 16/24 MP: 2/2
   644 | D:1      | Reached skill level 3 in Axes
   804 | D:2      | Gained mutation: You are partially covered in yellow
                  | scales. (AC +2) [demonic ancestry]
   804 | D:2      | Reached XP level 3. HP: 24/29 MP: 3/3
   804 | D:2      | Quit the game

Illustrated notes

Levels and vault maps discovered:
D:1:      minmay_arrival_arboretum_large, layout_basic, serial_bayou_pond_c
D:2:      layout_rooms, hangedman_decor_push, kennysheep_cross_room

Skill      XL: |  1  2 |
---------------+-------+-----
Axes           | 2 3 |  3.2
Fighting       | |  3.0
Armour         | |  2.6
Shields        | |  2.6

Action                     || total
---------------------------++-------
  Melee: War axe           ||    76
         Headbutt          ||     5
    Use: Scroll            ||     3
 Armour: Scale mail        ||    40
  Dodge: Dodged            ||    31
  Block: Buckler           ||    20

Levels and vault maps discovered:
D:1:      minmay_arrival_arboretum_large, layout_basic, serial_bayou_pond_c
D:2:      layout_rooms, hangedman_decor_push, kennysheep_cross_room

Table legend: (Time is in decaauts)
 A = Elapsed time spent in this place.
 B = Non-inter-level travel time spent in this place.
 C = Inter-level travel time spent in this place.
 D = Time resting spent in this place.
 E = Time spent auto-exploring this place.
 F = Levels seen in this place.
 G = Mean time per level.
                   A        B        C        D        E       F      G
               +--------+--------+--------+--------+--------+-----+--------+
         Total |    841 |    839 |      2 |      0 |    642 |   2 |  420.5 |
       Dungeon |    841 |    839 |      2 |      0 |    642 |   2 |  420.5 |
               +--------+--------+--------+--------+--------+-----+--------+

Top non-repeatable levels by time:
     D:1: 838 daAuts
     D:2: 3 daAuts

Table legend:
 A = Kills in this place as a percentage of kills in the entire game.
 B = Kills by you in this place as a percentage of kills by you in the entire game.
 C = Kills by friends in this place as a percentage of kills by friends in the entire game.
 D = Other kills in this place as a percentage of other kills in the entire game.
 E = Experience gained in this place as a percentage of experience gained in the entire game.
 F = Experience gained in this place divided by the number of levels of this place that you have seen.
                   A       B       C       D       E      F
               +-------+-------+-------+-------+-------+----------------------
         Total | 100.0 | 100.0 |   N/A |   N/A | 100.0 |  21.0
       Dungeon | 100.0 | 100.0 |   N/A |   N/A | 100.0 |  21.0
               +-------+-------+-------+-------+-------+----------------------
